 Dungeon Crawl Stone Soup version 0.24-a0-181-gd121a6d (webtiles) character file.

Game seed: 15436250624516516150

132743 emperorscorpion the Severer (level 17, -11/93 HPs)
             Began as a Vine Stalker Berserker on Mar 14, 2019.
             Was the Champion of Trog.
             Killed from afar by a shock serpent (19 damage)
             ... with a bolt of electricity
             ... on level 2 of the Snake Pit.
             The game lasted 01:03:30 (21709 turns).

emperorscorpion the Severer (VSBe)                 Turns: 21709, Time: 01:03:31

Health: -11/93     AC: 23    Str: 25    XL:     17   Next: 13%
Magic:  0/18       EV: 16    Int: 15    God:    Trog [******]
Gold:   2919       SH: 10    Dex: 23    Spells: 16/16 levels left

rFire    + + +     SeeInvis +   a - +11 broad axe "Tulal" {flame, rPois Int+3}
rCold    . . .     Gourm    .   T - +0 buckler
rNeg     + . .     Faith    .   J - +6 scale mail of Kocvaw {SInv}
rPois    +         Spirit   +   (no helmet)
rElec    .         Reflect  +   w - +2 cloak of Exuskeoh {rF+ Regen+}
rCorr    .         Harm     .   r - +0 pair of gloves {Dex+3}
MR       +++++                  u - +0 pair of boots
Stlth    ++++......             E - amulet "Saifreng" {Reflect Int+5 Dex+8 SH+4}
HPRegen  1.45/turn              W - ring of fire
MPRegen  0.16/turn              L - ring of Mizxup {*Drain rF+ rN+ MR+++ Dex-4}

@: lethally poisoned (-11 -> -11), studying Shields
A: fangs 3, thin metallic scales 1, cold resistance 1, regeneration 2, magic
shield, antimagic bite, no potion heal 3, rot immunity, MP-powered wands
a: Berserk, Trog's Hand, Brothers in Arms, Renounce Religion


You were on level 2 of the Snake Pit.
You worshipped Trog.
Trog was exalted by your worship.
You were near starving.

You visited 4 branches of the dungeon, and saw 25 of its levels.
You also visited: Gauntlet.

You collected 2919 gold pieces.

Inventory:

Hand Weapons
 a - the +11 broad axe "Tulal" (weapon) {flame, rPois Int+3}
   (You found it on level 15 of the Dungeon)

   It has been specially enchanted to burn those struck by it, causing extra
   injury to most foes and up to half again as much damage against particularly
   susceptible opponents.
   Big, fiery blades are also staple armaments of hydra-hunters.
   It affects your intelligence (+3).
   It protects you from poison.
Missiles
 d - 5 throwing nets (quivered)
 i - 20 tomahawks of dispersal
 R - 4 poisoned javelins
Armour
 r - a +0 pair of gloves of dexterity (worn)
 u - a +0 pair of boots (worn)
 w - the +2 cloak of Exuskeoh (worn) {rF+ Regen+}
   (You found it in a Gauntlet)

   It protects you from fire.
   It increases your rate of regeneration.
 J - the +6 scale mail of Kocvaw (worn) {SInv}
   (You acquired it on level 8 of the Dungeon)

   It lets you see invisible.
 T - a +0 buckler (worn)
Jewellery
 l - the amulet of Spite {Faith rElec SInv Stlth+}
   (You found it in a Gauntlet)

   [amulet of faith]

   It allows you to gain divine favour quickly.
   It insulates you from electricity.
   It lets you see invisible.
   It makes you more stealthy.
 t - an uncursed ring of flight
 C - the ring of Hepliaklqana's Pride {rCorr rPois Str+3}
   (You found it on level 15 of the Dungeon)

   [ring of resist corrosion]

   It affects your strength (+3).
   It protects you from poison.
 E - the amulet "Saifreng" (around neck) {Reflect Int+5 Dex+8 SH+4}
   (You found it on level 7 of the Dungeon)

   [amulet of reflection]

   It shields you and reflects attacks.
   It affects your intelligence (+5).
   It affects your dexterity (+8).
   It affects your SH (+4).
 I - the ring of Vyeso {*Corrode rElec MR+ Dex+3 Stlth+}
   (You took it off a deep elf mage on level 7 of the Dungeon)

   [ring of protection from magic]

   It affects your dexterity (+3).
   It insulates you from electricity.
   It affects your resistance to hostile enchantments.
   It may corrode you when you take damage.
   It makes you more stealthy.
 L - the ring of Mizxup (right hand) {*Drain rF+ rN+ MR+++ Dex-4}
   (You found it on level 15 of the Dungeon)

   [ring of protection from fire]

   It affects your dexterity (-4).
   It protects you from fire.
   It protects you from negative energy.
   It affects your resistance to hostile enchantments.
   It causes draining when unequipped.
 M - the ring of Tuaxamemm {rC+ Str+2 Stlth+}
   (You found it on level 15 of the Dungeon)

   [ring of stealth]

   It affects your strength (+2).
   It protects you from cold.
   It makes you more stealthy.
 W - a ring of fire (left hand)
Wands
 e - a wand of clouds (12)
 j - a wand of iceblast (18)
 F - a wand of digging (6)
Scrolls
 f - 10 scrolls of fear
 g - 14 scrolls of teleportation
 n - 4 scrolls of identify
 o - a scroll of enchant weapon
 q - 3 scrolls of immolation
 s - 9 scrolls of remove curse
 v - a scroll of fog
 x - 2 scrolls of blinking
 D - 4 scrolls of enchant armour
Potions
 b - 2 potions of lignification
 h - a potion of might
 k - 17 potions of curing
 m - a potion of resistance
 z - 4 potions of berserk rage
 B - 2 potions of flight
 K - 2 potions of brilliance
 N - a potion of invisibility
 O - 3 potions of mutation
 P - a potion of ambrosia
 Q - 6 potions of agility
 S - 2 potions of cancellation
 U - a potion of magic
 X - 4 potions of haste
Books
 y - a manual of Shields
Miscellaneous
 p - a fan of gales
 A - a phial of floods
 G - a lightning rod (4/4)
 H - a phantom mirror
 Z - a crystal ball of energy
Comestibles
 c - 55 rations


   Skills:
 + Level 11.9 Fighting
   Level 11.4 Short Blades
 * Level 15.7 Axes
 + Level 1.3 Throwing
 + Level 10.4 Armour
 + Level 7.1 Dodging
 + Level 12.0 Stealth
 + Level 4.5 Shields


You had 16 spell levels left.
You didn't know any spells.
Your spell library contained the following spells:

 Spells                   Type           Power        Failure   Level  Hunger
 Corona                   Hex            #......      47%         1    ##.....
 Freeze                   Ice            #...         47%         1    ##.....
 Infusion                 Chrm           #...         47%         1    ##.....
 Magic Dart               Conj           #...         47%         1    ##.....
 Sandblast                Erth           #.....       47%         1    ##.....
 Ensorcelled Hibernation  Hex/Ice        #.....       63%         2    ###....
 Passwall                 Tmut/Erth      #.......     63%         2    ###....
 Searing Ray              Conj           #.....       63%         2    ###....
 Shroud of Golubria       Chrm/Tloc      #.........   63%         2    ###....
 Slow                     Hex            #.......     63%         2    ###....
 Song of Slaying          Chrm           #.......     63%         2    ###....
 Swiftness                Chrm/Air       #.......     63%         2    ###....
 Throw Frost              Conj/Ice       #.....       63%         2    ###....
 Confuse                  Hex            #.......     85%         3    ####...
 Dazzling Spray           Conj/Hex       #.....       85%         3    ####...
 Inner Flame              Hex/Fire       #.......     85%         3    ####...
 Ozocubu's Armour         Chrm/Ice       #.......     85%         3    ####...
 Portal Projectile        Hex/Tloc       #.....       85%         3    ####...
 Recall                   Summ/Tloc      N/A          85%         3    ####...
 Regeneration             Chrm/Necr      #.........   85%         3    ####...
 Spectral Weapon          Hex/Chrm       #.......     85%         3    ####...
 Static Discharge         Conj/Air       #.......     85%         3    ####...
 Stone Arrow              Conj/Erth      #.....       85%         3    ####...
 Tukima's Dance           Hex            #.......     85%         3    ####...
 Cause Fear               Hex            #.........   99%         4    #####..
 Force Lance              Conj/Tloc      #.......     99%         4    #####..
 Fulminant Prism          Conj/Hex       #.........   99%         4    #####..
 Iskenderun's Mystic Bla  Conj           #.......     99%         4    #####..
 Leda's Liquefaction      Hex/Erth       #.........   99%         4    #####..
 Passage of Golubria      Tloc           N/A          99%         4    #####..
 Petrify                  Tmut/Erth      #.......     99%         4    #####..
 Summon Ice Beast         Ice/Summ       #.......     99%         4    #####..
 Throw Icicle             Conj/Ice       #.......     99%         4    #####..
 Aura of Abjuration       Summ           #.........   100%        5    ######.
 Lee's Rapid Deconstruct  Erth           #.........   100%        5    ######.
 Lightning Bolt           Conj/Air       #.........   100%        5    ######.
 Summon Demon             Summ           #.........   100%        5    ######.
 Summon Forest            Summ/Tloc      #.........   100%        5    ######.
 Summon Mana Viper        Hex/Summ       #.......     100%        5    ######.
 Darkness                 Hex            #.........   100%        6    #######
 Invisibility             Hex            #.......     100%        6    #######
 Shadow Creatures         Summ           N/A          100%        6    #######
 Ignition                 Fire           #.........   100%        8    #######
 Shatter                  Erth           #.........   100%        9    #######
 Tornado                  Air            #.........   100%        9    #######


Dungeon Overview and Level Annotations

Branches:
Dungeon (15/15)            Temple (0/1) D:7            Lair (6/6) D:9
 Shoals (0/4) Lair:3        Snake (2/4) Lair:4        Slime (0/5) Lair:6
    Orc (2/2) D:11            Elf (0/3) Orc:2        Vaults (0/5) D:14
 Depths (0/5) D:15

Altars:
Cheibriados
Elyvilon
Fedhas
Gozag
Hepliaklqana
Makhleb
Trog
Uskayaw
Yredelemnul
Zin
Beogh
Jiyva

Shops:
D:3 *   D:4 [   D:5 *   D:8 [   D:14 *   Orc:2 [*([

Annotations:
Lair:6 1 runed translucent door


Innate Abilities, Weirdness & Mutations

You have razor-sharp teeth.
You heal very quickly.
When hurt, damage is shared between your health and your magic reserves.
Your bite disrupts and absorbs the magic of your enemies.
Potions cannot restore your health.
You are immune to rotting.
You are partially covered in thin metallic scales. (AC +2)
Your flesh is cold resistant. (rC+)
You expend magic power (3 MP) to strengthen your wands.


Message History

You resist.
You feel sick. The naga spits poison at you. The splash of poison hits you.
You resist. The shock serpent closely misses you.
The naga ritualist spits poison at you.
The splash of poison hits you but does no damage.
You resist.
You feel sick.
The shock serpent bites you but does no damage.
The shock serpent shoots out a bolt of lightning at you!
The bolt of electricity hits the shock serpent.
The shock serpent completely resists.
The bolt of electricity hits you!!
* * * LOW HITPOINT WARNING * * *
There is a stone staircase leading up here.
Unknown command.
You feel sick.
The shock serpent shoots out a bolt of lightning at you!
The bolt of electricity hits you!!
You die...

###.............#
#............S...
#................
#.......#........
.................
.......N).......
###...N†.......
#...S.?......
#..@.......$.
........)........
##...............
#<..............
#...........#....
...#.......#.....
...........#....
.##......... ..


You could see a naga ritualist, 2 shock serpents and a naga.

Vanquished Creatures
  Jorgrun (D:14)
  Kirke (D:14)
  A frost giant (D:15)
  An orc warlord (Orc:2)
  A stone giant (D:14)
  The ghost of Duffy the Thaumaturge, a journeyman DEFE of Vehumet (Orc:1)
  The ghost of Ijustatesigmund the Fighter, a journeyman GrFi of Okawaru (D:14)
  6 dire elephants (Lair:6)
  A minotaur (Gauntlet)
  The ghost of Jeis the Spear-Bearer, a journeyman CeWr of Nemelex Xobeh (Lair:5)
  An ettin (D:15)
  A yaktaur captain (D:15)
  7 vault guards
  10 hydras
  4 great orbs of eyes (D:15)
  Harold (D:8)
  A rakshasa (D:13)
  Erica (D:9)
  A death knight (D:15)
  6 centaur warriors
  6 two-headed ogres
  2 anacondas
  2 deep troll shamans (D:15)
  3 death yaks (Lair:5)
  A deep troll earth mage (D:15)
  2 ogre magi (D:15)
  The ghost of Lanoc the Hand of Fortune, a novice OpMo of Nemelex Xobeh (D:9)
  Urug (D:11)
  7 tengu warriors
  A naga sharpshooter (D:15)
  A wretched star (Gauntlet)
  A fire crab (shapeshifter) (D:14)
  5 skeletal warriors
  5 unseen horrors
  2 wizards (Gauntlet)
  A deep elf archer (D:15)
  A deep troll (D:14)
  A necromancer (D:15)
  4 orc knights
  2 lindwurms (Lair:3)
  2 wolf spider zombies (D:15)
  Pikel (D:8)
  3 deep elf magi
  A mana viper (Snake:2)
  2 wolf spiders (D:15)
  An orc sorcerer (Orc:2)
  A manticore (D:7)
  13 ugly things
  7 cyclopes
  Maurice (D:11)
  10 elephants
  2 moths of wrath (D:14)
  3 oklob plants
  3 merfolk sirens (Lair:3)
  4 black mambas
  2 naga magi
  3 gargoyles
  14 spiny frogs
  3 kobold demonologists (D:15)
  A yaktaur (D:15)
  6 komodo dragons
  4 rime drakes
  A yaktaur (shapeshifter) (D:15)
  An efreet (D:15)
  A meliai (D:15)
  A queen bee (D:9)
  4 trolls
  A merfolk (Lair:3)
  Prince Ribbit (D:7)
  3 slime creatures (D:12)
  11 hippogriffs
  7 dream sheep (Lair:6)
  2 shadows
  A centaur simulacrum (D:15)
  A vampire (D:14)
  2 wraiths (D:14)
  A yak (shapeshifter) (D:15)
  6 wyverns
  25 yaks
  7 hogs (D:14)
  3 neqoxecs (Orc:1)
  4 hungry ghosts
  2 vampire mosquitoes (D:15)
  8 nagas
  2 soldier ants
  4 wargs
  2 acid dragons
  14 water moccasins
  9 porcupines
  26 orc warriors
  4 ice beasts
  2 sky beasts
  3 black bears
  A hornet zombie (D:15)
  5 phantoms
  6 wolves (Lair:1)
  2 slaves (D:8)
  2 eyes of draining
  5 necrophages
  7 ogres
  22 crocodiles
  9 centaurs
  5 big kobolds
  32 bullfrogs
  2 wyvern skeletons
  A small abomination (Gauntlet)
  A water moccasin skeleton (D:8)
  10 scorpions
  23 killer bees
  15 wights
  6 howler monkeys
  6 crimson imps
  3 bullfrog zombies
  6 centaur zombies
  21 orc priests
  An iron imp (D:7)
  10 hounds
  2 jellies
  3 quasits (Orc:1)
  6 bullfrog skeletons
  A gnoll shaman (D:6)
  28 orc wizards
  8 centaur skeletons
  5 iguanas
  7 worker ants
  2 hound skeletons
  2 mummies (D:10)
  A howler monkey zombie (D:10)
  3 worker ant zombies
  11 adders
  13 gnolls
  A howler monkey skeleton (D:8)
  4 shadow imps (Gauntlet)
  An ooze (D:1)
  2 adder zombies
  2 adder skeletons
  4 worms (D:2)
  2 dart slugs
  6 leopard geckos
  98 orcs
  7 giant cockroaches
  6 goblins
  8 hobgoblins
  19 kobolds
  3 quokkas
  4 ball pythons
  11 bats
  8 frilled lizards
  A leopard gecko skeleton (D:5)
  A quokka skeleton (D:5)
  3 quokka zombies
  4 rats
  A fungus (Lair:4)
  9 plants
841 creatures vanquished.

Vanquished Creatures (collateral kills)
  A vault guard (D:14)
  A skeletal warrior (D:11)
  An unseen horror (D:7)
3 creatures vanquished.

Vanquished Creatures (others)
  A centaur skeleton (D:15)
  A kobold (D:13)
  A fungus (Lair:5)
  6 plants
9 creatures vanquished.

Grand Total: 853 creatures vanquished

Notes
Turn   | Place    | Note
-------+----------+-------------------------------------------
     0 | D:1      | emperorscorpion the Vine Stalker Berserker began the quest
                  | for the Orb.
     0 | D:1      | Reached XP level 1. HP: 11/11 MP: 2/2
    27 | D:1      | Reached XP level 2. HP: 16/16 MP: 1/3
   617 | D:1      | Reached XP level 3. HP: 20/20 MP: 4/4
   967 | D:2      | Reached ** piety under Trog
  1235 | D:2      | Reached skill level 1 in Stealth
  1551 | D:2      | Gained mutation: Your natural rate of healing is unusually
                  | fast. [Vine Stalker growth]
  1551 | D:2      | Reached XP level 4. HP: 24/24 MP: 5/5
  2029 | D:3      | Found Gozag's Platinum Reserve.
  2203 | D:3      | Reached XP level 5. HP: 28/28 MP: 4/6
  2398 | D:3      | Found an opulent altar of Gozag.
  2595 | D:4      | Found Sippadif's Antique Armour Shoppe.
  2745 | D:4      | Noticed an ogre
  2757 | D:4      | Killed an ogre
  2757 | D:4      | Reached XP level 6. HP: 33/33 MP: 7/7
  2894 | D:4      | Noticed a phantom
  2915 | D:4      | Killed a phantom
  2915 | D:4      | Reached skill level 5 in Short Blades
  2915 | D:4      | Reached XP level 7. HP: 37/37 MP: 8/8
  3058 | D:4      | Reached *** piety under Trog
  3668 | D:5      | Entered Level 5 of the Dungeon
  3859 | D:5      | Found Ihethac's Elemental Accessories.
  4209 | D:5      | Gained mutation: You have razor-sharp teeth. [Vine Stalker
                  | growth]
  4209 | D:5      | Reached XP level 8. HP: 42/42 MP: 9/9
  4652 | D:6      | Found a basalt altar of Yredelemnul.
  4759 | D:6      | Reached skill level 5 in Fighting
  5042 | D:6      | Reached XP level 9. HP: 47/47 MP: 10/10
  5077 | D:6      | Reached **** piety under Trog
  5225 | D:7      | Found a white marble altar of Elyvilon.
  5429 | D:7      | Found a snail-covered altar of Cheibriados.
  5459 | D:7      | Found a burning altar of Makhleb.
  5521 | D:7      | Found a runed translucent door.
  5523 | D:7      | Noticed a manticore
  5524 | D:7      | Found a runed translucent door.
  5524 | D:7      | Found a runed translucent door.
  5531 | D:7      | Gained mutation: Your flesh is cold resistant. (rC+)
                  | [potion of mutation]
  5531 | D:7      | Gained mutation: You are partially covered in thin metallic
                  | scales. (AC +2) [potion of mutation]
  5531 | D:7      | Gained mutation: You expend magic power (3 MP) to
                  | strengthen your wands. [potion of mutation]
  5551 | D:7      | Killed an unseen horror
  5551 | D:7      | Killed a manticore
  5551 | D:7      | Reached skill level 5 in Armour
  5551 | D:7      | Received a gift from Trog
  5551 | D:7      | Reached XP level 10. HP: 39/53 MP: 0/11
  5739 | D:7      | Found a staircase to the Ecumenical Temple.
  5783 | D:7      | Noticed Prince Ribbit
  5791 | D:7      | Killed Prince Ribbit
  6251 | D:7      | Noticed a cyan ugly thing
  6251 | D:7      | Noticed a purple ugly thing
  6253 | D:7      | Noticed a cyan ugly thing
  6263 | D:7      | Killed a cyan ugly thing
  6263 | D:7      | Reached skill level 10 in Short Blades
  6270 | D:7      | Killed a cyan ugly thing
  6274 | D:7      | Killed a purple ugly thing
  6321 | D:7      | Got a scintillating amethyst amulet
  6331 | D:7      | Identified the amulet "Saifreng" {Reflect Int+5 Dex+8 SH+4}
                  | (You found it on level 7 of the Dungeon)
  6402 | D:7      | Identified the ring of Vyeso {*Corrode rElec MR+ Dex+3
                  | Stlth+}
  6402 | D:7      | Noticed a deep elf mage
  6412 | D:7      | Killed a deep elf mage
  6412 | D:7      | Reached ***** piety under Trog
  6716 | D:8      | Noticed Harold
  6739 | D:8      | Reached XP level 11. HP: 58/58 MP: 12/12
  6749 | D:8      | Killed Harold
  6810 | D:8      | Identified a scroll of acquirement
  6811 | D:8      | Got a transparent scale mail
  6822 | D:8      | Identified the +6 scale mail of Kocvaw {SInv} (You acquired
                  | it on level 8 of the Dungeon)
  6975 | D:8      | Noticed Pikel
  7028 | D:8      | Killed Pikel
  7178 | D:8      | Found Xohiybrim's Antique Armour Shop.
  7367 | D:9      | Found a hide-covered altar of Uskayaw.
  7402 | D:9      | Found a staircase to the Lair.
  7438 | D:9      | Found a runed translucent gate.
  7438 | D:9      | Noticed a ten-headed hydra
  7439 | D:9      | Found a runed translucent gate.
  7439 | D:9      | Found a runed translucent gate.
  7439 | D:9      | Noticed a nine-headed hydra
  7439 | D:9      | Noticed Lanoc's ghost (novice OpMo)
  7592 | D:9      | Noticed Erica
  7608 | D:9      | Killed Erica
  7634 | D:9      | Received a gift from Trog
  8034 | D:9      | Reached skill level 5 in Stealth
  8138 | D:10     | Entered Level 10 of the Dungeon
  8475 | D:10     | Noticed a two-headed ogre
  8500 | D:10     | Noticed a cyclops
  8500 | D:10     | Noticed a two-headed ogre
  8861 | D:11     | Gained mutation: You heal very quickly. [Vine Stalker
                  | growth]
  8861 | D:11     | Reached XP level 12. HP: 61/65 MP: 13/13
  8927 | D:11     | Reached skill level 1 in Shields
  9169 | D:11     | Noticed Maurice
  9378 | D:11     | Noticed Urug
  9392 | D:11     | Killed Urug
  9442 | D:11     | Received a gift from Trog
  9463 | D:11     | Noticed a centaur warrior
  9481 | D:11     | Killed a centaur warrior
  9481 | D:11     | Reached skill level 5 in Dodging
  9537 | D:11     | Found a staircase to the Orcish Mines.
  9893 | D:11     | Killed Maurice
 10008 | D:12     | You fall through a shaft for 3 floors!
 10008 | D:15     | Entered Level 15 of the Dungeon
 10008 | D:15     | Noticed a centaur warrior
 10017 | D:15     | Killed a centaur warrior
 10050 | D:15     | Noticed a great orb of eyes
 10050 | D:15     | Noticed a vault guard
 10060 | D:15     | Killed a great orb of eyes
 10082 | D:15     | Killed a vault guard
 10082 | D:15     | Reached XP level 13. HP: 71/71 MP: 14/14
 10260 | D:15     | Noticed a vault guard
 10260 | D:15     | Noticed a great orb of eyes
 10290 | D:15     | Killed a great orb of eyes
 10331 | D:15     | Killed a vault guard
 10355 | D:15     | Reached skill level 10 in Fighting
 10355 | D:15     | Reached skill level 1 in Throwing
 10383 | D:15     | Identified the +10 flail of Atu Xuof {holy, *Slow +Rage
                  | Str+6 SInv}
 10394 | D:15     | Reached ****** piety under Trog
 10500 | D:15     | Identified the +11 broad axe "Tulal" {flame, rPois Int+3}
                  | (You found it on level 15 of the Dungeon)
 10507 | D:15     | Noticed a vault guard
 10508 | D:15     | Noticed a great orb of eyes
 10522 | D:15     | Killed a vault guard
 10574 | D:15     | Killed a great orb of eyes
 10574 | D:15     | Reached skill level 1 in Axes
 10605 | D:15     | Reached skill level 2 in Axes
 10606 | D:15     | Received a gift from Trog
 10627 | D:15     | Noticed a frost giant
 10628 | D:15     | Found a staircase to the Depths.
 10638 | D:15     | Killed a frost giant
 10638 | D:15     | Reached skill level 3 in Axes
 10727 | D:15     | Noticed a vault guard
 10728 | D:15     | Noticed a great orb of eyes
 10732 | D:15     | Reached skill level 4 in Axes
 10739 | D:15     | Killed a great orb of eyes
 10741 | D:15     | Killed a vault guard
 10754 | D:15     | Identified the +5 chain mail "Quefi" {Int+3} (You found it
                  | on level 15 of the Dungeon)
 10780 | D:15     | Reached skill level 5 in Axes
 10788 | D:14     | Noticed Kirke
 10794 | D:14     | Killed Kirke
 10794 | D:14     | Reached skill level 6 in Axes
 10794 | D:14     | Reached XP level 14. HP: 77/77 MP: 15/15
 10891 | D:14     | Found a gate to the Vaults.
 10902 | D:14     | Reached skill level 7 in Axes
 10926 | D:14     | HP: 1/77 [vault guard/+3 halberd (12)]
 10931 | D:14     | Reached skill level 8 in Axes
 11543 | D:12     | Reached skill level 10 in Stealth
 11814 | D:12     | Received a gift from Trog
 11996 | D:12     | Reached skill level 9 in Axes
 12625 | D:14     | Noticed Jorgrun
 12641 | D:14     | Killed Jorgrun
 12641 | D:14     | Reached skill level 10 in Axes
 12759 | D:14     | Found Vaotaici's Blood Bar.
 12775 | D:14     | Identified the cursed +0 battleaxe "Luosen" {elec, Int+2}
 12776 | D:14     | Noticed Ijustatesigmund's ghost (journeyman GrFi)
 12777 | D:14     | Found a bloodstained altar of Trog.
 12790 | D:14     | Found a transporter.
 12792 | D:14     | Found a transporter.
 12793 | D:14     | Noticed a stone giant
 13098 | D:14     | Reached skill level 10 in Armour
 13276 | D:15     | Reached XP level 15. HP: 46/81 MP: 8/16
 13390 | D:15     | Got a pitted steel ring
 13392 | D:15     | Identified the ring of Hepliaklqana's Pride {rCorr rPois
                  | Str+3} (You found it on level 15 of the Dungeon)
 13410 | D:15     | Found a glowing silver altar of Zin.
 13455 | D:15     | Reached skill level 11 in Axes
 13611 | D:15     | Found a hazy altar of Hepliaklqana.
 13656 | D:15     | Identified the ring of Mizxup {*Drain rF+ rN+ MR+++ Dex-4}
                  | (You found it on level 15 of the Dungeon)
 13792 | D:15     | Reached skill level 12 in Axes
 13803 | D:15     | Got a clouded granite ring
 13822 | D:15     | Found a blossoming altar of Fedhas.
 14151 | D:9      | Killed Lanoc's ghost
 14151 | D:9      | Received a gift from Trog
 14298 | D:10     | You fall through a shaft!
 14441 | D:14     | Killed Ijustatesigmund's ghost
 14631 | Orc:1    | Entered Level 1 of the Orcish Mines
 14687 | Orc:1    | Received a gift from Trog
 14761 | Orc:1    | Found a transporter.
 14885 | Orc:1    | Found a transporter.
 14887 | Orc:1    | Noticed Duffy's ghost (journeyman DEFE)
 14911 | Orc:1    | Reached skill level 13 in Axes
 15080 | Orc:1    | Killed Duffy's ghost
 15115 | Orc:2    | Entered Level 2 of the Orcish Mines
 15115 | Orc:2    | Found a staircase to the Elven Halls.
 15134 | Orc:2    | Found a bloodstained altar of Trog.
 15260 | Orc:2    | Noticed an orc warlord
 15277 | Orc:2    | Reached XP level 16. HP: 62/88 MP: 17/17
 15287 | Orc:2    | Received a gift from Trog
 15710 | Orc:2    | Found a roughly hewn altar of Beogh.
 15710 | Orc:2    | Found Sioguvimo's Assorted Antiques.
 15747 | Orc:2    | Found a roughly hewn altar of Beogh.
 15858 | Orc:2    | Found Ewnekeff's Antique Armour Boutique.
 15859 | Orc:2    | Found a roughly hewn altar of Beogh.
 15860 | Orc:2    | Found Ytzuetea's Antique Weapon Shop.
 15920 | Orc:2    | Found a roughly hewn altar of Beogh.
 15921 | Orc:2    | Found Yqaschal's Antique Armour Emporium.
 16217 | Lair:1   | Entered Level 1 of the Lair of Beasts
 16704 | Lair:1   | Found a gate leading to a gauntlet.
 16710 | Gauntlet | Entered a Gauntlet
 16710 | Gauntlet | Found a large runed translucent door.
 16710 | Gauntlet | Found a large runed translucent door.
 16710 | Gauntlet | Found a large runed translucent door.
 16710 | Gauntlet | Found a large runed translucent door.
 16710 | Gauntlet | Found a large runed translucent door.
 16710 | Gauntlet | Found a large runed translucent door.
 16710 | Gauntlet | Found a large runed translucent door.
 16710 | Gauntlet | Found a large runed translucent door.
 16710 | Gauntlet | Found a runed translucent door.
 16710 | Gauntlet | Found a runed translucent gate.
 16710 | Gauntlet | Found a transporter.
 16710 | Gauntlet | Found a transporter.
 16710 | Gauntlet | Found a runed translucent gate.
 16710 | Gauntlet | Found a transporter.
 16710 | Gauntlet | Found a transporter.
 16714 | Gauntlet | Found a transporter.
 16724 | Gauntlet | Found a transporter.
 16783 | Gauntlet | Found a runed translucent door.
 16784 | Gauntlet | Found a large runed translucent door.
 16784 | Gauntlet | Found a large runed translucent door.
 16784 | Gauntlet | Found a large runed translucent door.
 16784 | Gauntlet | Found a large runed translucent door.
 16785 | Gauntlet | Found a large runed translucent door.
 16785 | Gauntlet | Found a large runed translucent door.
 16786 | Gauntlet | Found a large runed translucent door.
 16786 | Gauntlet | Found a large runed translucent door.
 16790 | Gauntlet | Found a transporter.
 16805 | Gauntlet | Found a transporter.
 16815 | Gauntlet | Found a transporter.
 16827 | Gauntlet | Found a transporter.
 16840 | Gauntlet | Found a transporter.
 16846 | Gauntlet | Found a transporter.
 16869 | Gauntlet | Found a runed translucent gate.
 16930 | Gauntlet | Identified the amulet of Spite {Faith rElec SInv Stlth+}
                  | (You found it in a Gauntlet)
 16938 | Gauntlet | Identified the ring of Tuaxamemm {rC+ Str+2 Stlth+} (You
                  | found it on level 15 of the Dungeon)
 16998 | Gauntlet | Got a brightly glowing cloak
 17009 | Gauntlet | Identified the +2 cloak of Exuskeoh {rF+ Regen+} (You found
                  | it in a Gauntlet)
 17094 | Lair:1   | Found a hide-covered altar of Uskayaw.
 17365 | Lair:2   | Found a white marble altar of Elyvilon.
 17470 | Lair:2   | You fall through a shaft!
 17786 | Lair:3   | Found a staircase to the Shoals.
 17800 | Lair:3   | Reached skill level 14 in Axes
 18898 | Lair:4   | Found a staircase to the Snake Pit.
 19210 | Lair:5   | Found a runed translucent door.
 19324 | Lair:5   | Received a gift from Trog
 19821 | Lair:5   | Noticed Jeis's ghost (journeyman CeWr)
 19839 | Lair:5   | Killed Jeis's ghost
 19855 | Lair:6   | Entered Level 6 of the Lair of Beasts
 19868 | Lair:6   | Reached skill level 15 in Axes
 20167 | Lair:6   | Found a runed translucent door.
 20204 | Lair:6   | Found a viscous altar of Jiyva.
 20206 | Lair:6   | Found a staircase to the Slime Pits.
 20768 | Lair:6   | Reached XP level 17. HP: 74/93 MP: 18/18
 21678 | Snake:1  | Entered Level 1 of the Snake Pit
 21698 | Snake:2  | Received a gift from Trog
 21709 | Snake:2  | Killed from afar by a shock serpent

Levels and vault maps discovered:
D:1:      dpeg_arrival_court, layout_basic, minivault_5
D:2:      layout_loops_ring, palyth_stone_intersect
D:3:      layout_loops_ring, nicolae_gozag_zags_fifth_avenue
D:4:      layout_loops_corners, serial_shops,
          nicolae_shop_temple_entry_statues_fountains, first_ration,
          kennysheep_small_square
D:5:      layout_loops_ring, minivault_24, nicolae_elemental_shop
D:6:      layout_loops_cross, minmay_ruined_shrine
D:7:      minmay_the_grid_triangle_9x9_recursive_2
          [minmay_the_grid_triangle_9x9_prize_center,
          minmay_the_grid_triangle_9x9_shrine,
          minmay_the_grid_triangle_9x9_fully_insulated_deathbox,
          minmay_the_grid_triangle_9x9_sprig], layout_gridville, slow_altar_1,
          elyvilon_altar_5, minmay_temple_entry_glass, chequers_jeans,
          uniq_prince_ribbit1
D:8:      layout_basic, serial_shops, kennysheep_little_box, uniq_pikel,
          uniq_harold
D:9:      layout_loops_ring, eat_drink_and_be_merry_uskayaw, lair_entry_dummy,
          gammafunk_ghost_hydra_chop, david_nohive_1, small_statue_intersection,
          uniq_erica
D:10:     kennysheep_big_flooded_room, layout_basic, serial_undead,
          serial_undead_a, serial_undead_d, serial_undead_a, serial_undead_f
D:11:     layout_long_grid, david_orc_1_choice, minivault_11, uniq_urug,
          uniq_maurice
D:12:     layout_irregular_city
D:13:     layout_roguey
D:14:     layout_roguey, lightli_vaults_fourway_checkpoint,
          minmay_staircase_windowed_large, serial_corexii_hall,
          corexii_hall_statues_l, chequers_hall_statues_y,
          corexii_hall_statues_l, corexii_hall_statues_x,
          gammafunk_ghost_wrathful_warriors, guppyfry_shop_blood, uniq_jorgrun,
          uniq_kirke
D:15:     hangedman_spin_cycle
Lair:1:   layout_loops_ring, gauntlet_entry_generic, basic_altar,
          grunt_megastairs_5
Lair:2:   layout_small_grid, basic_altar, grunt_megastairs_2
Lair:3:   cheibrodos_lair_overgrown_chateau, layout_regular_city,
          elwin_shoals_entry_stream, grunt_megastairs_1,
          minmay_lair_oklob_chamber
Lair:4:   layout_gridlike, minmay_snake_entry_guardpost_medium,
          serial_bayou_pond_a, minmay_holes
Lair:5:   layout_roguey, ebering_ghost_reflecting_pool
Lair:6:   due_jungle_book, layout_misc_corridors, slime_altar_2
Snake:1:  cheibrodos_snake_lava_hold, layout_gridlike, lemuel_fruit_tree,
          uniq_donald
Snake:2:  layout_layer_cave, serial_shops, shop_statue, drop_trap, uniq_aizul,
          uniq_roxanne
Orc:1:    layout_caves, gammafunk_ghost_stat_death
Orc:2:    grunt_orc_community_town_hall, layout_caves,
          grunt_orc_community_big_house_1, grunt_orc_community_big_house_1,
          grunt_orc_community_house_2, grunt_orc_community_house_3,
          grunt_orc_community_house_1, grunt_orc_community_house_2,
          grunt_orc_community_house_1, grunt_orc_community_house_2, basic_altar
Gauntlet: gammafunk_gauntlet_shortcut [gammafunk_gauntlet_arena_open,
          nicolae_gauntlet_arena_t_cross,
          minmay_gauntlet_arena_make_your_own_arena,
          gammafunk_gauntlet_arena_chambers, gammafunk_gauntlet_arena_teeth,
          gammafunk_gauntlet_arena_split_x, gauntlet_exit_spiral]

Skill      XL: |  1  2  3  4  5  6  7  8  9 10 11 12 13 14 15 16 17 |
---------------+----------------------------------------------------+-----
Short Blades   | 3 4 5 6 7 9 10 11 | 11.4
Fighting       | 3 4 5 6 7 8 9 10 11 | 11.9
Stealth        | 1 2 3 6 9 10 11 12 | 12.0
Armour         | 2 4 5 6 8 9 10 | 10.4
Dodging        | 2 3 4 5 6 7 |  7.1
Shields        | 4 |  4.5
Throwing       | 1 |  1.3
Axes           | 6 10 13 15 | 15.7

Action                   |  1- 3 |  4- 6 |  7- 9 | 10-12 | 13-15 | 16-18 || total
-------------------------+-------+-------+-------+-------+-------+-------++-------
Melee: Short sword       |    78 |    96 |   128 |    57 |   115 |       ||   474
       Bite              |    18 |    24 |    92 |   434 |   338 |   201 ||  1107
       Dagger            |       |       |   125 |   666 |       |       ||   791
       Broad axe         |       |       |       |       |   503 |   422 ||   925
Throw: Tomahawk          |       |       |       |     4 |     7 |       ||    11
Invok: Berserk           |     5 |     8 |    10 |    23 |    14 |     4 ||    64
       Brothers in Arms  |       |       |     1 |     1 |     1 |       ||     3
       Trog's Hand       |       |       |       |       |     2 |     2 ||     4
Evoke: Box of beasts     |       |       |       |       |       |     1 ||     1
       Wand              |       |       |       |       |       |     4 ||     4
  Use: Scroll            |     3 |     3 |     4 |    10 |    19 |    10 ||    49
       Potion            |       |       |     6 |       |     1 |       ||     7
 Stab: Sleeping          |       |       |       |    14 |    24 |    16 ||    54
       Distracted        |       |       |       |     4 |     3 |       ||     7
       Invisible         |       |       |       |       |    15 |       ||    15
  Eat: Chunk             |     7 |    10 |    19 |    35 |    23 |    24 ||   118
       Ration            |       |       |       |     1 |     2 |       ||     3
Armor: Animal skin       |     7 |    10 |       |       |       |       ||    17
       Ring mail         |       |     5 |    27 |       |       |       ||    32
       Chain mail        |       |       |    57 |    46 |       |       ||   103
       Scale mail        |       |       |       |   142 |   189 |   110 ||   441
Dodge: Dodged            |    44 |    47 |    81 |   244 |   337 |   181 ||   934
Block: Other             |       |       |       |    33 |       |       ||    33
       Buckler           |       |       |       |    85 |   280 |   138 ||   503
       Reflection        |       |       |       |     5 |    18 |     4 ||    27

Table legend:
 A = Non-vault XP
 B = Vault XP
 C = Vault XP percentage of total XP
 D = Non-vault monster count
 E = Vault monster count
 F = Vault count percentage of total count
                 A         B        C        D         E       F
            +---------+---------+-------+---------+---------+-------
      Total |   84344 |  105290 |  55.5 |     520 |     311 |  37.4
            +---------+---------+-------+---------+---------+-------
        D:1 |      37 |       0 |   0.0 |      20 |       0 |   0.0
        D:2 |      59 |       0 |   0.0 |      20 |       0 |   0.0
        D:3 |     127 |       0 |   0.0 |      15 |       0 |   0.0
        D:4 |     744 |     167 |  18.3 |      18 |       3 |  14.3
        D:5 |      91 |       0 |   0.0 |      14 |       0 |   0.0
        D:6 |    1023 |     141 |  12.1 |      25 |       4 |  13.8
        D:7 |    1773 |    4466 |  71.6 |      38 |      22 |  36.7
        D:8 |    1696 |    1577 |  48.2 |      37 |       2 |   5.1
        D:9 |    2244 |    4895 |  68.6 |      21 |      19 |  47.5
       D:10 |    3549 |    1508 |  29.8 |      18 |      13 |  41.9
       D:11 |    6977 |    2125 |  23.3 |      47 |      11 |  19.0
       D:12 |    9131 |       0 |   0.0 |      41 |       0 |   0.0
       D:13 |    5493 |       0 |   0.0 |      20 |       0 |   0.0
       D:14 |    7475 |   24439 |  76.6 |      32 |      35 |  52.2
       D:15 |       0 |   41991 | 100.0 |       0 |      77 | 100.0
     Lair:1 |    3298 |     105 |   3.1 |      15 |       1 |   6.2
     Lair:2 |    1197 |     145 |  10.8 |       6 |       1 |  14.3
     Lair:3 |     500 |    7443 |  93.7 |       4 |      26 |  86.7
     Lair:4 |    4508 |     817 |  15.3 |      22 |       5 |  18.5
     Lair:5 |   12198 |    1205 |   9.0 |      30 |       1 |   3.2
     Lair:6 |   16150 |    2842 |  15.0 |      36 |       5 |  12.2
    Snake:1 |     472 |       0 |   0.0 |       1 |       0 |   0.0
    Snake:2 |    3070 |       0 |   0.0 |       6 |       0 |   0.0
      Orc:1 |     728 |    2107 |  74.3 |      17 |       7 |  29.2
      Orc:2 |    1804 |    5749 |  76.1 |      17 |      70 |  80.5
   Gauntlet |       0 |    3568 | 100.0 |       0 |       9 | 100.0
            +---------+---------+-------+---------+---------+-------
